 Dungeon Crawl Stone Soup version 0.23-a0-619-g281719c (webtiles) character file.

4108 zishaf the Geomancer (level 10, -2/82 HPs)
             Began as a Formicid Earth Elementalist on Dec 22, 2018.
             Was a Believer of Dithmenos.
             Slain by a fire bat (8 damage)
             ... on level 8 of the Dungeon.
             The game lasted 00:20:26 (10248 turns).

zishaf the Geomancer (Formicid Earth Elementalist) Turns: 10248, Time: 00:20:27

Health: -2/82      AC:  7    Str: 13    XL:     10   Next: 50%
Magic:  1/17       EV: 12    Int: 18    God:    Dithmenos [**....]
Gold:   540        SH:  0    Dex: 11    Spells: 8/19 levels left

rFire    . . .     SeeInvis +   b - +2 dagger (venom)
rCold    . . .     Gourm    .   (no shield)
rNeg     . . .     Faith    .   x - +1 leather armour
rPois    .         Spirit   .   (helmet unavailable)
rElec    .         Reflect  .   r - scarf {cloud immunity}
rCorr    .         Harm     .   v - +0 pair of gloves
MR       +....                  y - +0 pair of boots
Stlth    ++........             (no amulet)
HPRegen  0.23/turn              h - ring of flight
MPRegen  0.15/turn              (no ring)

@: wreathed by umbra
A: permanent stasis, dig shafts and tunnels, four strong arms, antennae 3
a: Dig, Shaft Self, Shadow Step, Renounce Religion, Evoke Flight


You were on level 8 of the Dungeon.
You worshipped Dithmenos.
Dithmenos was pleased with you.
You were very hungry.

You visited 1 branch of the dungeon, and saw 10 of its levels.

You collected 540 gold pieces.

Inventory:

Hand Weapons
 a - a +0 hunting sling
 b - a +2 dagger of venom (weapon)
Missiles
 f - 59 stones (quivered)
 k - 44 sling bullets
Armour
 r - a scarf of cloud immunity (worn)
 v - a +0 pair of gloves (worn)
 x - a +1 leather armour (worn)
 y - a +0 pair of boots (worn)
Jewellery
 h - a ring of flight (left hand)
Wands
 g - a wand of polymorph (9)
 m - a wand of digging (9)
 q - a wand of random effects (17)
Scrolls
 e - a scroll of enchant armour
 l - a scroll of magic mapping
 s - a scroll of fog
 u - a scroll of amnesia
 C - a scroll of remove curse
Potions
 c - 3 potions of brilliance
 i - a potion of agility
 n - 4 potions of mutation
 o - 6 potions of heal wounds
 p - 3 potions of lignification
 t - 5 potions of curing
 A - 2 potions of flight
Miscellaneous
 w - a crystal ball of energy
Comestibles
 d - 10 rations


   Skills:
 + Level 8.7 Fighting
 - Level 5.0 Armour
 - Level 2.0 Dodging
 - Level 3.1 Stealth
 - Level 5.0 Spellcasting
 - Level 4.0 Conjurations
 - Level 1.1 Transmutations
 - Level 11.0 Earth Magic


You had 8 spell levels left.
You knew the following spells:

 Your Spells              Type           Power        Failure   Level  Hunger
a - Sandblast             Erth           #####.       1%          1    None
b - Passwall              Tmut/Erth      ####....     1%          2    #......
c - Stone Arrow           Conj/Erth      ####..       2%          3    ##.....
d - Lee's Rapid Deconstr  Erth           #####.....   4%          5    ######.

Your spell library contained the following spells:

 Spells                   Type           Power        Failure   Level  Hunger
 Magic Dart               Conj           ###.         3%          1    None
 Searing Ray              Conj           ###...       4%          2    #......
 Petrify                  Tmut/Erth      ####....     13%         4    ####...
 Animate Skeleton         Necr           N/A          16%         1    None
 Apportation              Tloc           #.....       16%         1    None
 Confusing Touch          Hex            #.....       16%         1    None
 Summon Small Mammal      Summ           #...         16%         1    None
 Dazzling Spray           Conj/Hex       ##....       22%         3    ##.....
 Iskenderun's Mystic Bla  Conj           ###.....     30%         4    ####...
 Force Lance              Conj/Tloc      ##......     56%         4    ####...
 Fulminant Prism          Conj/Hex       ##........   56%         4    ####...


Dungeon Overview and Level Annotations

Branches:
Dungeon (10/15)            Temple (0/1) D:7            Lair (0/6) D:8
    Orc: D:9-12

Altars:
Cheibriados
Dithmenos
Elyvilon
Gozag
Kikubaaqudgha
Nemelex Xobeh
Qazlal
Ru
Trog
Wu Jian
Xom
Yredelemnul


Innate Abilities, Weirdness & Mutations

You cannot be hasted, slowed, berserked, paralysed or teleported.
You can dig through walls and to a lower floor.
Your four strong arms can wield two-handed weapons with a shield.
You have a pair of large antennae on your head. (SInv)


Message History

All of the chunks of flesh in your inventory have rotted away.
The fire bat barely misses you. The fire bat bites you.
You are engulfed in flames.
* * * LOW HITPOINT WARNING * * *
The megabat misses you. The fire bat bites you.
* * * LOW HITPOINT WARNING * * *
You are engulfed in flames!
* * * LOW HITPOINT WARNING * * *
The megabat hits you but does no damage.
The fire bat misses you. The megabat closely misses you.
The megabat barely misses you.
There is an open door here.
The fire bat bites you but does no damage.
You hit the fire bat.
The fire bat looks even sicker.
The fire bat is severely wounded.
The fire bat bites you.
* * * LOW HITPOINT WARNING * * *
You are engulfed in flames!
You die...

................ ..
#........##.#.. ..
#........##.#.. .####
#........##.#.. #...#
#........##.#.. #...#
#........##.#.. #...#
#........##.#..
###...####......####.#..
#....bb@.............#..
###..b####.####.####.#..
##.## #.# #......##.
#W{# #.######.......
##.## #..............
#8.8# ########.......
##{## #....... { #{#
######.. { ##b## #..


You could see a fire bat and 2 megabats.

Vanquished Creatures
  A komodo dragon (D:8)
  Grinder (D:6)
  Prince Ribbit (D:6)
  A hippogriff (D:7)
  A spriggan (D:7)
  4 fire bats (D:8)
  A hornet zombie (D:6)
  A sky beast (D:6)
  2 orc warriors (D:7)
  A necrophage (D:6)
  6 ogres
  2 centaurs
  A big kobold (D:9)
  3 bullfrogs (D:6)
  7 killer bees
  A howler monkey (D:8)
  A crimson imp (D:6)
  A jelly (D:8)
  An orc priest (D:7)
  5 hounds
  4 bullfrog skeletons
  Natasha (thrice) (D:2)
  An iguana (D:6)
  A worker ant (D:4)
  3 orc wizards
  Terence (D:2)
  A hound zombie (D:5)
  A hound skeleton (D:5)
  8 gnolls
  11 adders
  An adder zombie (D:7)
  2 worms
  A dart slug (D:2)
  3 leopard geckos
  7 orcs
  7 giant cockroaches
  6 hobgoblins
  8 kobolds
  A ball python (D:1)
  22 bats
  9 frilled lizards
  6 goblins
  A leopard gecko zombie (D:7)
  7 rats
157 creatures vanquished.

Vanquished Creatures (others)
  2 plants (D:8)
2 creatures vanquished.

Grand Total: 159 creatures vanquished

Notes
Turn   | Place    | Note
-------+----------+-------------------------------------------
     0 | D:1      | zishaf the Formicid Earth Elementalist began the quest for
                  | the Orb.
     0 | D:1      | Reached XP level 1. HP: 13/13 MP: 3/3
   122 | D:1      | Reached XP level 2. HP: 19/19 MP: 1/5
   461 | D:1      | Learned a level 2 spell: Passwall
   648 | D:1      | Reached skill level 4 in Earth Magic
   766 | D:1      | Reached XP level 3. HP: 25/25 MP: 6/6
   866 | D:1      | Learned a level 3 spell: Stone Arrow
   961 | D:2      | Noticed Terence
   969 | D:2      | Killed Terence
   969 | D:2      | Reached skill level 1 in Fighting
   969 | D:2      | Reached skill level 1 in Armour
  1255 | D:2      | Reached XP level 4. HP: 14/32 MP: 7/7
  1462 | D:2      | Found a sparkling altar of Nemelex Xobeh.
  1463 | D:2      | Found an opulent altar of Gozag.
  1464 | D:2      | Noticed Natasha
  1472 | D:2      | Killed Natasha
  1665 | D:2      | Reached skill level 1 in Conjurations
  1699 | D:2      | Noticed Natasha
  1830 | D:2      | Killed Natasha
  1830 | D:2      | Reached XP level 5. HP: 33/38 MP: 6/8
  1853 | D:2      | Noticed Natasha
  1859 | D:2      | Killed Natasha
  1859 | D:2      | Reached skill level 5 in Earth Magic
  2296 | D:3      | Found a shadowy altar of Dithmenos.
  2301 | D:3      | Became a worshipper of Dithmenos the Shadowed
  2703 | D:3      | Reached XP level 6. HP: 17/44 MP: 0/9
  3726 | D:4      | Noticed an ogre
  3792 | D:4      | Reached skill level 6 in Earth Magic
  4063 | D:4      | Killed an ogre
  4063 | D:4      | Reached XP level 7. HP: 51/51 MP: 5/10
  4302 | D:5      | Entered Level 5 of the Dungeon
  4467 | D:5      | Found an ancient bone altar of Kikubaaqudgha.
  4556 | D:5      | Reached skill level 7 in Earth Magic
  4556 | D:5      | Reached XP level 8. HP: 21/59 MP: 6/11
  4895 | D:5      | Found a sacrificial altar of Ru.
  4899 | D:5      | Found an ornate altar of the Wu Jian Council.
  4904 | D:5      | Found a stormy altar of Qazlal.
  5452 | D:6      | Noticed Grinder
  5466 | D:6      | Reached * piety under Dithmenos
  5473 | D:6      | Killed Grinder
  5473 | D:6      | Reached skill level 8 in Earth Magic
  5798 | D:6      | Reached XP level 9. HP: 37/66 MP: 5/13
  5975 | D:6      | Learned a level 5 spell: Lee's Rapid Deconstruction
  6024 | D:6      | Noticed Prince Ribbit
  6052 | D:6      | Killed Prince Ribbit
  6052 | D:6      | Reached skill level 5 in Fighting
  6052 | D:6      | Reached skill level 5 in Armour
  6052 | D:6      | Reached skill level 9 in Earth Magic
  6226 | D:6      | Found a white marble altar of Elyvilon.
  7340 | D:7      | Reached skill level 10 in Earth Magic
  7824 | D:7      | Found a shimmering altar of Xom.
  7827 | D:7      | Found a basalt altar of Yredelemnul.
  7832 | D:7      | Found a snail-covered altar of Cheibriados.
  8180 | D:7      | Found a staircase to the Ecumenical Temple.
  8344 | D:8      | Noticed a hippogriff
  8613 | D:7      | Killed a hippogriff
  8613 | D:7      | Reached skill level 11 in Earth Magic
  8613 | D:7      | Reached XP level 10. HP: 68/77 MP: 0/14
  9164 | D:8      | Found a staircase to the Lair.
  9165 | D:8      | Noticed a komodo dragon
  9170 | D:8      | You fall through a shaft for 2 floors!
  9170 | D:10     | Entered Level 10 of the Dungeon
  9182 | D:9      | Reached ** piety under Dithmenos
  9335 | D:9      | Found a bloodstained altar of Trog.
  9719 | D:8      | Killed a komodo dragon
  9928 | D:8      | Reached skill level 5 in Spellcasting
 10248 | D:8      | Slain by a fire bat

Vault maps used:
D:1:      scummos_arrival_forest, minmay_misc_feat_enclosed,
          chequers_serial_rivers_micro_a
D:2:      grunt_temple_overflow_opulence, minivault_11,
          minmay_fractal_squares_gapless_5, uniq_natasha, uniq_terence
D:3:      grunt_dithmenos_smoke_and_mirrors, first_ration, minivault_26
D:5:      kiku_gazebo_pond_becter, gammafunk_temple_overflow_forgotten
D:6:      kennysheep_little_box, mrwooster_statue_mirror, due_unseen_surprise,
          uniq_grinder, uniq_prince_ribbit1
D:7:      grunt_temple_overflow_open, minmay_temple_entry_enclosed_plants,
          serial_glass, glass_columns_a, glass_columns_c, glass_columns_b,
          glass_columns_a, glass_columns_b, glass_columns_a, feat_on_display,
          item_on_display_a, hex_large, the_bakery
D:8:      due_megacathedral, nicolae_overflow_crystal_walls, david_lair_shrubbed
D:9:      argonaut_augean_stables, lemuel_doored_altar,
          ebering_ghost_funeral_grove
D:10:     enter_trove_0, serial_glass, glass_columns_a, glass_columns_b,
          minmay_rotating_lava

Skill      XL: |  1  2  3  4  5  6  7  8  9 10 |
---------------+-------------------------------+-----
Dodging        | 2 |  2.0
Earth Magic    | 4 5 6 7 8 11 | 11.0
Fighting       | 1 2 3 4 6 8 |  8.7
Armour         | 1 2 3 4 5 |  5.0
Stealth        | 3 |  3.1
Conjurations   | 1 2 3 4 |  4.0
Spellcasting   | 3 5 |  5.0
Transmutations | |  1.1

Action                   |  1- 3 |  4- 6 |  7- 9 | 10-12 || total
-------------------------+-------+-------+-------+-------++-------
Melee: Unarmed           |    18 |       |       |       ||    18
       Dagger            |       |       |    14 |    55 ||    69
 Fire: Hunting sling     |    41 |   134 |   129 |    43 ||   347
 Cast: Sandblast         |    22 |    24 |    86 |     5 ||   137
       Stone Arrow       |       |    10 |    14 |    16 ||    40
       Lee's Rapid Decon |       |       |     2 |     6 ||     8
 Abil: Dig               |       |       |     2 |       ||     2
Evoke: Wand              |       |     3 |       |       ||     3
  Use: Scroll            |       |    10 |     8 |     1 ||    19
  Eat: Chunk             |     1 |     6 |    12 |     3 ||    22
       Ration            |       |     1 |     2 |     1 ||     4
Armor: Leather armour    |    10 |    22 |    24 |    46 ||   102
Dodge: Dodged            |    19 |    81 |    92 |    83 ||   275

Table legend:
 A = Non-vault XP
 B = Vault XP
 C = Vault XP percentage of total XP
 D = Non-vault monster count
 E = Vault monster count
 F = Vault count percentage of total count
                 A         B        C        D         E       F
            +---------+---------+-------+---------+---------+-------
      Total |    4658 |    1211 |  20.6 |     145 |      12 |   7.6
            +---------+---------+-------+---------+---------+-------
        D:1 |      29 |       0 |   0.0 |      20 |       0 |   0.0
        D:2 |      86 |      88 |  50.6 |       9 |       8 |  47.1
        D:3 |     185 |       0 |   0.0 |      24 |       0 |   0.0
        D:4 |     184 |       0 |   0.0 |       6 |       0 |   0.0
        D:5 |     539 |       0 |   0.0 |      14 |       0 |   0.0
        D:6 |     981 |     508 |  34.1 |      12 |       2 |  14.3
        D:7 |    1213 |     215 |  15.1 |      24 |       1 |   4.0
        D:8 |    1182 |     400 |  25.3 |      29 |       1 |   3.3
        D:9 |     259 |       0 |   0.0 |       7 |       0 |   0.0
            +---------+---------+-------+---------+---------+-------
